 Dungeon Crawl Stone Soup version 0.28-a0-697-g47f3eba078 (webtiles) character file.

Game seed: 13785657072945449998

606 SmokeWeed the Slasher (level 7, -3/52 HPs)
             Began as a Demonspawn Gladiator on Oct 23, 2021.
             Slain by an orc warrior (10 damage)
             ... on level 5 of the Dungeon.
             The game lasted 00:10:31 (4037 turns).

SmokeWeed the Slasher (Demonspawn Gladiator)        Turns: 4037, Time: 00:10:31

Health: -3/52      AC: 12    Str: 17    XL:     7   Next: 19%
Magic:  7/7        EV: 11    Int:  9    God:
Gold:   96         SH:  4    Dex: 14    Spells: 6/6 levels left

rFire   . . .      SeeInvis .   u - +2 short sword (protect)
rCold   . . .      Faith    .   e - +0 buckler
rNeg    . . .      Spirit   .   f - +0 ring mail
rPois   .          Reflect  .   (helmet restricted)
rElec   .          Harm     .   (no cloak)
rCorr   .          Rampage  .   (no gloves)
Will    .....                   (no boots)
Stlth   +.........              (no amulet)
HPRegen 0.17/turn               (no ring)
MPRegen 0.10/turn               (no ring)

@: under a protective aura
A: antennae 2, spiny 1, demonic magic 1
a: no special abilities


You were on level 5 of the Dungeon.
You visited 1 branch of the dungeon, and saw 5 of its levels.

You collected 96 gold pieces.

Inventory:

Hand Weapons
 a - a +0 long sword
 u - a +2 short sword of protection (weapon)
Missiles
 h - 89 arrows
 l - 53 sling bullets
 p - 25 bolts
 r - 40 stones
 A - 18 poisoned darts (quivered)
Armour
 c - a +0 helmet
 e - a +0 buckler (worn)
 f - a +0 ring mail (worn)
Jewellery
 m - a ring of ice
 q - a ring of fire
 v - a ring of magical power
Scrolls
 d - a scroll of teleportation {unknown}
Potions
 g - 2 potions of brilliance
 i - 2 potions of attraction
 j - 5 potions of curing
 o - a potion of cancellation {unknown}
 t - a potion of flight {unknown}
 w - a potion of lignification {unknown}
 z - a potion of resistance {unknown}


   Skills:
 * Level 3.5 Fighting
 + Level 1.4(3.2) Short Blades
 + Level 4.4(4.6) Long Blades
 + Level 2.7 Throwing
 * Level 3.0 Armour
 + Level 3.6 Dodging
 + Level 0.7 Stealth
 + Level 1.4 Shields


You had 6 spell levels left.
You didn't know any spells.
Your spell library contained the following spells:

 Spells                   Type           Power      Damage    Failure   Level
 Leda's Liquefaction      Hex/Erth       0%         N/A       100%        4
 Lee's Rapid Deconstruct  Erth           0%         3d5*      100%        5
 Statue Form              Tmut/Erth      0%         N/A       100%        6


Dungeon Overview and Level Annotations

Branches:
Dungeon (5/15)
 Temple: D:4-7

Altars:
Xom

Shops:
D:2 :

Annotations:
D:4 Sigmund


Innate Abilities, Weirdness & Mutations

You have a pair of antennae on your head.
You are partially covered in sharp spines.
Spells you cast may paralyse adjacent enemies.


Message History

* * * LOW HITPOINT WARNING * * *
You closely miss something.
You hear some strange, mumbled words.
A puff of flame appears from out of thin air!
The puff of flame misses you. The orc warrior closely misses you.
You closely miss something.
Reactivating autopickup.
You feel a bit more experienced. The orc warrior closely misses you.
You feel much better.
The orc warrior hits you from afar with a +0 trident!
The gnoll is struck by your spines. The gnoll barely misses you.
You puncture the gnoll!
Your weapon exudes an aura of protection.
You kill the gnoll!
The orc warrior hits you from afar with a +0 trident.
The ufetubus hits you but does no damage. x2
Your Armour skill increases to level 3!
You hit the ufetubus.
The ufetubus is moderately wounded.
The ufetubus hits you but does no damage.
The ufetubus closely misses you. You block the orc warrior's attack.
You hit the ufetubus.
You kill the ufetubus!
The orc warrior barely misses you.
You hit the gnoll but do no damage. The gnoll is struck by your spines.
The gnoll closely misses you.
The orc warrior hits you from afar with a +0 trident!
* * * LOW HITPOINT WARNING * * *
You puncture the gnoll!
You kill the gnoll!
The orc warrior barely misses you.
You closely miss the orc.
The orc warrior hits you from afar with a +0 trident.
* * * LOW HITPOINT WARNING * * *
The orc barely misses you.
The gnoll hits you from afar with a +0 spear.
* * * LOW HITPOINT WARNING * * *
You hit the orc but do no damage.
The orc warrior hits you from afar with a +0 trident!
You die...

#..# ####..........
#..# ###..........<..
#..#
##..............<
#..#
#...............#
#..#
#..............## ##
#..# ####......######
....##{.# ##..######
........#####..##
......#.ggo@...#
.....
#.go###..##########
..g.
#...#.............###


og. #...................# .$ ##..................## . #.................###
#.................#). #.................).. #.................)## You could see
an orc warrior, 3 gnolls and an orc.

Vanquished Creatures
  A black bear (D:4)
  An ogre (D:4)
  A scorpion (D:2)
  A jelly (D:5)
  An orc priest (D:5)
  A hound (D:4)
  A centaur skeleton (D:3)
  A scorpion zombie (D:5)
  3 orc wizards (D:5)
  5 gnolls
  6 adders
  2 ufetubi
  4 worms
  A dart slug (D:2)
  An orc (D:5)
  3 ball pythons
  3 bats
  5 endoplasms
  4 goblins
  4 hobgoblins
  4 kobolds
  4 quokkas
  3 frilled lizards
  7 rats
67 creatures vanquished.

Notes
Turn   | Place    | Note
-------+----------+-------------------------------------------
     0 | D:1      | SmokeWeed the Demonspawn Gladiator began the quest for the
                  | Orb.
     0 | D:1      | Reached XP level 1. HP: 16/16 MP: 1/1
   516 | D:1      | Gained mutation: Spells you cast may paralyse adjacent
                  | enemies. [demonic ancestry]
   516 | D:1      | Reached XP level 2. HP: 22/22 MP: 2/2
   526 | D:1      | Reached skill level 3 in Long Blades
  1059 | D:2      | Gained mutation: You are partially covered in sharp spines.
                  | [demonic ancestry]
  1059 | D:2      | Reached XP level 3. HP: 10/27 MP: 3/3
  1312 | D:2      | Found Titwo's Book Shop.
  1658 | D:2      | Noticed a scorpion
  1666 | D:2      | Killed a scorpion
  1667 | D:2      | Reached skill level 1 in Armour
  1667 | D:2      | Reached XP level 4. HP: 34/34 MP: 4/4
  1996 | D:2      | Found a faded altar of an unknown god.
  2221 | D:3      | Discovered your monstrous ancestry.
  2221 | D:3      | Gained mutation: You have a pair of small antennae on your
                  | head. [demonic ancestry]
  2221 | D:3      | Reached XP level 5. HP: 33/39 MP: 5/5
  2306 | D:3      | Found a shimmering altar of Xom.
  2545 | D:3      | Reached skill level 4 in Long Blades
  2774 | D:3      | Reached skill level 1 in Shields
  3174 | D:4      | Noticed a black bear
  3183 | D:4      | Killed a black bear
  3184 | D:4      | Reached XP level 6. HP: 47/47 MP: 6/6
  3196 | D:4      | Reached skill level 1 in Short Blades
  3559 | D:4      | Noticed Sigmund
  3697 | D:5      | Entered Level 5 of the Dungeon
  3900 | D:5      | Gained mutation: You have a pair of antennae on your head.
                  | [demonic ancestry]
  3900 | D:5      | Reached XP level 7. HP: 49/52 MP: 7/7
  4037 | D:5      | Slain by an orc warrior

Illustrated notes

Levels and vault maps discovered:
D:1:      mrwooster_arrival_arrow, layout_loops_cross, minmay_cupped
D:2:      layout_loops_ring, hellmonk_ecumenical_altar_pennies_from_heaven,
          serial_shops, nicolae_lakefront_shop, hangedman_decor_riveting,
          serial_park_tiny_pond
D:3:      layout_basic, mainiacjoe_overflow_brackets
D:4:      layout_loops_ring, mainiacjoe_overflow_two_lobes, uniq_sigmund
D:5:      layout_cave_pods, uniq_duvessa

Skill      XL: |  1  2  3  4  5  6  7 |
---------------+----------------------+-----
Long Blades    | 3 4 |  4.4
Dodging        | 3 |  3.6
Throwing       | 2 |  2.7
Armour         | 1 2 3 |  3.0
Shields        | 1 |  1.4
Fighting       | 3 |  3.5
Short Blades   | 1 |  1.4
Stealth        | |  0.7

Action                   |  1- 3 |  4- 6 |  7- 9 || total
-------------------------+-------+-------+-------++-------
Melee: Long sword        |    79 |    32 |       ||   111
       Short sword       |       |    68 |    28 ||    96
Throw: Throwing net      |     4 |     1 |       ||     5
       Stone             |     3 |       |       ||     3
       Dart              |       |    12 |       ||    12
  Use: Scroll            |       |     8 |       ||     8
       Potion            |       |       |     2 ||     2
 Stab: Held in net/web   |       |     2 |       ||     2
Armor: Ring mail         |    26 |    32 |    16 ||    74
Dodge: Dodged            |    32 |    46 |    13 ||    91
Block: Buckler           |    10 |    26 |     5 ||    41

Table legend: (Time is in decaauts)
 A = Elapsed time spent in this place.
 B = Non-inter-level travel time spent in this place.
 C = Inter-level travel time spent in this place.
 D = Time resting spent in this place.
 E = Time spent auto-exploring this place.
 F = Levels seen in this place.
 G = Mean time per level.
                   A        B        C        D        E       F      G
               +--------+--------+--------+--------+--------+-----+--------+
         Total |   4074 |   4074 |      0 |    867 |   2417 |   5 |  814.8 |
       Dungeon |   4074 |   4074 |      0 |    867 |   2417 |   5 |  814.8 |
               +--------+--------+--------+--------+--------+-----+--------+

Top non-repeatable levels by time:
     D:2: 1515 daAuts
     D:3: 898 daAuts
     D:1: 705 daAuts
     D:4: 615 daAuts
     D:5: 339 daAuts
